AoeStats
← Stahlzie

Arabia

510384537Analyzed
1v1 RM · 23h ago on Sep 30, 2026· 35m 56s· 2 players
Game mode
Random Map
Map size
Tiny (2 player)
Population
200
Speed
Normal
Resources
Standard
Victory
Conquest
Starting age
Dark Age
Ending age
Imperial Age
RankedLock teamsTeams togetherTeam positionsShared explorationLock speedFull tech treeHidden civsTurbo modeCheats
Victory
Defeat
🇺🇸 Hindustanis · United States
1215
+15
🇨🇱 Bulgarians · Chile
1197
-15
zesar434
7:09 Loom
9:45 Feudal Age
11:34 Scale Mail Armor
16:33 Double-Bit Axe
24:18 Castle Age
24:27 Stone Mining
25:54 Gold Mining
26:37 Scale Barding Armor
27:04 Forging
28:29 Chain Barding Armor
30:34 Iron Casting
29:55 Horse Collar
31:09 Squires
30:55 Gambesons
32:29 Fletching
33:07 Chain Mail Armor
Stahlzie
10:02 Feudal Age
8:20 Loom
10:37 Double-Bit Axe
14:31 Fletching
14:24 Horse Collar
19:59 Wheelbarrow
23:44 Castle Age
24:51 Husbandry
25:02 Bloodlines
25:13 Bow Saw
25:04 Heavy Plow
25:44 Thumb Ring
26:57 Fishing Lines
27:19 Gold Mining
27:20 Stone Mining
30:03 Forging
29:59 Scale Barding Armor
33:04 Hand Cart
32:34 Town Watch
34:58 Iron Casting
34:43 Chain Barding Armor
Connection lost

Rejoining the realm…

Still unreachable

The connection could not be restored.

Session expired

The server has moved on; the page needs a fresh start.